 Dungeon Crawl Stone Soup version 0.29-a0-380-gf50f0a9fbc (webtiles) character file.

Game seed: 9522059087123622182

9 lesaewzxc the Conjurer (level 2, 0/15 HPs)
             Began as a Deep Elf Conjurer on May 5, 2022.
             Slain by a jackal (1 damage)
             ... on level 1 of the Dungeon.
             The game lasted 00:03:30 (291 turns).

lesaewzxc the Conjurer (Deep Elf Conjurer)           Turns: 291, Time: 00:03:31

Health: 0/15       AC:  2    Str:  4    XL:     2   Next: 6%
Magic:  8/8        EV: 12    Int: 22    God:
Gold:   0          SH:  0    Dex: 13    Spells: 6/7 levels left

rFire   . . .      SeeInvis .   c - staff of air
rCold   . . .      Faith    .   (no shield)
rNeg    . . .      Spirit   .   a - +0 robe
rPois   .          Reflect  .   (no helmet)
rElec   +          Harm     .   (no cloak)
rCorr   .          Rampage  .   (no gloves)
Will    .....                   (no boots)
Stlth   ++........              (no amulet)
HPRegen 0.05/turn               (no ring)
MPRegen 0.11/turn               (no ring)

@: no status effects
A: no striking features
a: no special abilities


You were on level 1 of the Dungeon.
You visited 1 branch of the dungeon, and saw 1 of its levels.

Inventory:

Armour
 a - a +0 robe (worn)
Magical Staves
 c - a staff of air (weapon)
Scrolls
 d - a scroll of fog {unknown}
Potions
 b - a potion of magic


   Skills:
 + Level 2.7 Dodging
 + Level 2.7 Stealth
 + Level 3.2 Spellcasting
 + Level 4.5 Conjurations


You had 6 spell levels left.
You knew the following spells:

 Your Spells              Type           Power      Damage    Failure   Level
a - Magic Dart            Conj           92%        1d7       1%          1

Your spell library contained the following spells:

 Spells                   Type           Power      Damage    Failure   Level
 Searing Ray              Conj           46%        2d6       2%          2
 Dazzling Flash           Conj/Hex       26%        N/A       14%         3
 Fulminant Prism          Conj/Hex       6%         3d7       43%         4
 Iskenderun's Mystic Bla  Conj/Tloc      13%        2d5       43%         4


Dungeon Overview and Level Annotations

Branches:
Dungeon (1/15)

Altars:


Message History

The jackal barely misses you. The jackal attacks as you move away!
The jackal barely misses you. The jackal bites you. x2
The jackal attacks as you move away!
The jackal bites you but does no damage.
The jackal attacks as you move away! The jackal closely misses you.
The jackal barely misses you. The jackal closely misses you.
The jackal bites you. The jackal closely misses you. The jackal bites you.
* * * LOW HITPOINT WARNING * * *
The jackal bites you but does no damage.
Hit: c) staff of air
Press: ? - help, Dir - move target, f/p - jackal
Aim: a jackal (about 47% to evade your staff of air)
You hit the jackal.
The jackal is heavily wounded.
The jackal misses you. The jackal bites you.
* * * LOW HITPOINT WARNING * * *
Hit: c) staff of air
Press: ? - help, Dir - move target, f/p - jackal
Aim: a jackal (heavily wounded, about 47% to evade your staff of air)
You closely miss the jackal.
The jackal is heavily wounded.
The jackal bites you but does no damage.
The jackal misses you. The jackal barely misses you. x2
Hit: c) staff of air
Press: ? - help, Dir - move target, f/p - jackal
Aim: a jackal (heavily wounded, about 47% to evade your staff of air)
You closely miss the jackal.
The jackal is heavily wounded.
The jackal bites you.
* * * LOW HITPOINT WARNING * * *
The jackal closely misses you.
Hit: c) staff of air
Press: ? - help, Dir - move target, f - jackal, p - jackal
Aim: a jackal (about 47% to evade your staff of air)
You barely miss the jackal.
Unknown command.
The jackal bites you.
You die...

#.### ... .. ###.## #..
.#...## #...
.#....#################....
...#..####...###...####..#
.###..###....###.h..###..#
.# #..###....###.hh.###..#
.# #..##..#...#.@.#..##..#
.# ##..#..##.....##..#..##
.# ##.†..###...###....## .#
##...###...###...## ##
#######...####### #######


You could see 3 jackals.

Vanquished Creatures
  2 endoplasms (D:1)
  A goblin (D:1)
  A kobold (D:1)
  A quokka (D:1)
  3 bats (D:1)
  A rat (D:1)
9 creatures vanquished.

Notes
Turn   | Place    | Note
-------+----------+-------------------------------------------
     0 | D:1      | lesaewzxc the Deep Elf Conjurer began the quest for the
                  | Orb.
     0 | D:1      | Reached XP level 1. HP: 10/10 MP: 6/6
   116 | D:1      | Reached XP level 2. HP: 15/15 MP: 0/8
   291 | D:1      | Slain by a jackal

Illustrated notes

Levels and vault maps discovered:
D:1:      psy_arrival_radial01, layout_rooms, chequers_ecumenical_altar_simple,
          serial_shops, nicolae_shop_trees, kennysheep_pointless_box,
          hangedman_glass_teeth, chequers_mini_garden,
          hangedman_decor_diamond_cutter, minmay_misc_feat_cross,
          hangedman_decor_push, minmay_misc_feat_rugged

Action                   || total
-------------------------++-------
Melee: Staff             ||    12
 Cast: Magic Dart        ||    12
  Use: Scroll            ||     1
Armor: Robe              ||     7
Dodge: Dodged            ||    30

Table legend: (Time is in decaauts)
 A = Elapsed time spent in this place.
 B = Non-inter-level travel time spent in this place.
 C = Inter-level travel time spent in this place.
 D = Time resting spent in this place.
 E = Time spent auto-exploring this place.
 F = Levels seen in this place.
 G = Mean time per level.
                   A        B        C        D        E       F      G
               +--------+--------+--------+--------+--------+-----+--------+
         Total |    292 |    278 |     14 |      0 |      3 |   1 |  292.0 |
       Dungeon |    292 |    278 |     14 |      0 |      3 |   1 |  292.0 |
               +--------+--------+--------+--------+--------+-----+--------+

Top non-repeatable levels by time:
     D:1: 292 daAuts
